 Dungeon Crawl Stone Soup version 0.28.0-43-g3370ac3207 (webtiles) character file.

Game seed: 14232793104405373156

193 croobank the Firebug (level 5, 0/37 HPs)
             Began as a Gnoll Fire Elementalist on Mar 1, 2022.
             Slain by an orc wizard
             ... wielding a +3 dagger
              (1 damage)
             ... on level 3 of the Dungeon.
             The game lasted 00:11:07 (3450 turns).

croobank the Firebug (Gnoll Fire Elementalist)      Turns: 3450, Time: 00:11:09

Health: 0/37       AC:  4    Str:  7      XL:     5   Next: 72%
Magic:  5/12       EV: 12    Int: 16 (17) God:
Gold:   102        SH:  0    Dex: 12      Spells: 5/14 levels left

rFire   . . .      SeeInvis .   a - +2 whip (venom)
rCold   . . .      Faith    .   (no shield)
rNeg    . . .      Spirit   .   n - +0 leather armour
rPois   .          Reflect  .   (no helmet)
rElec   .          Harm     .   f - +0 cloak
rCorr   .          Rampage  .   (no gloves)
Will    .....                   (no boots)
Stlth   ++........              (no amulet)
HPRegen 0.12/turn               (no ring)
MPRegen 0.13/turn               (no ring)

@: about to teleport
A: fangs 1, strong nose, distributed training
a: no special abilities


You were on level 3 of the Dungeon.
You visited 1 branch of the dungeon, and saw 3 of its levels.

You collected 102 gold pieces.

Inventory:

Hand Weapons
 a - a +2 whip of venom (weapon)
 g - a +0 dagger
 l - a +1 dagger of protection
 p - a +0 morningstar
Missiles
 d - 60 stones
 k - 10 poisoned darts
Armour
 c - a +0 ring mail
 f - a +0 cloak (worn)
 n - a +0 leather armour (worn)
 o - a +0 robe
Wands
 q - a wand of charming (9)
Scrolls
 b - 2 scrolls of fog {unknown}
 h - a scroll of holy word {unknown}
 m - 3 scrolls of amnesia
Potions
 j - a potion of degeneration


   Skills:
 + Level 1.6 Fighting
 + Level 1.6 Short Blades
 + Level 1.6 Long Blades
 + Level 1.6 Axes
 + Level 1.6 Maces & Flails
 + Level 1.6 Polearms
 + Level 1.6 Staves
 + Level 1.6 Slings
 + Level 1.6 Bows
 + Level 1.6 Crossbows
 + Level 1.6 Throwing
 + Level 1.6 Armour
 + Level 4.8 Dodging
 + Level 4.4 Stealth
 + Level 1.6 Shields
 + Level 1.6 Unarmed Combat
 + Level 5.2 Spellcasting
 + Level 2.4 Conjurations
 + Level 1.2 Hexes
 + Level 1.2 Summonings
 + Level 1.2 Necromancy
 + Level 1.2 Translocations
 + Level 1.2 Transmutations
 + Level 5.5 Fire Magic
 + Level 1.2 Ice Magic
 + Level 1.2 Air Magic
 + Level 1.2 Earth Magic
 + Level 1.2 Poison Magic
 + Level 1.8 Invocations
 + Level 1.6 Evocations


You had 5 spell levels left.
You knew the following spells:

 Your Spells              Type           Power      Damage    Failure   Level
a - Foxfire               Conj/Fire      68%        2x1d7     4%          1
b - Scorch                Fire           44%        2d7       3%          2
c - Flame Wave            Conj/Fire      17%        2d6       38%         4
d - Poisonous Vapours     Pois/Air       16%        N/A       19%         2

Your spell library contained the following spells:

 Spells                   Type           Power      Damage    Failure   Level
 Conjure Flame            Conj/Fire      17%        6-21      12%         3
 Sting                    Tmut/Pois      32%        1d4       13%         1
 Inner Flame              Hex/Fire       15%        N/A       16%         3
 Olgreb's Toxic Radiance  Pois           8%         N/A       77%         4


Dungeon Overview and Level Annotations

Branches:
Dungeon (3/15)

Altars:
Kikubaaqudgha
Okawaru
Vehumet

Annotations:
D:3 1 runed translucent door, Crazy Yiuf


Innate Abilities, Weirdness & Mutations

You have very sharp teeth.
Your uncanny sense of smell can sniff out nearby items.
Your experience applies equally to all skills.


Message History

You hear some strange, mumbled words.
A magic dart appears from out of thin air!
The magic dart hits you!
There is a fountain of clear blue water here.
Something hits you but does no damage.
You bump into the stone wall.
Something hits you.
The orc wizard gestures at you while chanting.
You resist with some effort.
You hit the orc wizard but do no damage.
The orc wizard is poisoned.
You hear some strange, mumbled words.
A magic dart appears from out of thin air!
The magic dart hits you.
The orc wizard hits you with a +1 vampiric dagger.
You're too confused to cast spells.
Sorry, you're not good enough to have a special ability.
You feel less confused.
You feel better.
You hear some strange, mumbled words.
A puff of flame appears from out of thin air!
The puff of flame hits you!
* * * LOW HITPOINT WARNING * * *
The orc wizard gestures wildly while chanting.
The orc wizard flickers and vanishes!
Casting: Foxfire (safe; 4% risk of failure)
Confirm with . or Enter, or press ? or * to list all spells.
You conjure some foxfire!
Something hits you.
* * * LOW HITPOINT WARNING * * *
You hear some strange, mumbled words.
A puff of flame appears from out of thin air!
The puff of flame hits you.
* * * LOW HITPOINT WARNING * * *
Okay, then.
As you read the scroll of teleportation, it crumbles to dust.
You feel strangely unstable.
The foxfire hits something.
The foxfire hits something but does no damage.
Something hits you.
* * * LOW HITPOINT WARNING * * *
Something hits you.
You die...

#.# #.# #># #. #.# #.#
#.# #. ##########.# #.#
#.####. ♣♣##..........#
#.# ###.##...
♣.#.......##### #.#
#........ .)....###.##
### #.####.#.##.##
.)...## ###..#..##
#......#.....# ).#.##
#_.'.§.##########.....)
♣♣###
#.)@.#########.#####
#..{{)#........#
..#.⌠.⌠.#.######.# ###
#_.'..⌠....# #.# #..
##### #..#.⌠.⌠.### #.#
#.# ....## ####.....#
#.# .#...# #....##
#.###+# #_#..#####
.'...## ###.'....
.#.......# ..#..#
#...###+#


There were no monsters in sight!

Vanquished Creatures
  Jessica (D:3)
  Ijyb (D:3)
  An orc wizard (D:3)
  3 gnolls (D:3)
  2 adders (D:2)
  2 worms (D:2)
  A dart slug (D:1)
  7 orcs
  7 bats
  4 endoplasms
  2 giant cockroaches
  2 goblins (D:1)
  6 hobgoblins
  5 jackals
  3 kobolds
  5 ball pythons
  A frilled lizard (D:3)
  3 rats (D:1)
56 creatures vanquished.

Vanquished Creatures (others)
  111 foxfires
111 creatures vanquished.

Grand Total: 167 creatures vanquished

Notes
Turn   | Place    | Note
-------+----------+-------------------------------------------
     0 | D:1      | croobank the Gnoll Fire Elementalist began the quest for
                  | the Orb.
     0 | D:1      | Reached XP level 1. HP: 13/13 MP: 6/6
   308 | D:1      | Found a faded altar of an unknown god.
   334 | D:1      | Reached XP level 2. HP: 19/19 MP: 5/7
   337 | D:1      | Learned a level 2 spell: Scorch
   843 | D:1      | Reached XP level 3. HP: 25/25 MP: 7/9
   879 | D:1      | Reached skill level 5 in Spellcasting
  1302 | D:2      | Reached skill level 1 in Invocations
  1464 | D:2      | Reached skill level 1 in Fighting
  1464 | D:2      | Reached skill level 1 in Short Blades
  1464 | D:2      | Reached skill level 1 in Long Blades
  1464 | D:2      | Reached skill level 1 in Axes
  1464 | D:2      | Reached skill level 1 in Maces & Flails
  1464 | D:2      | Reached skill level 1 in Polearms
  1464 | D:2      | Reached skill level 1 in Staves
  1464 | D:2      | Reached skill level 1 in Slings
  1464 | D:2      | Reached skill level 1 in Bows
  1464 | D:2      | Reached skill level 1 in Crossbows
  1464 | D:2      | Reached skill level 1 in Throwing
  1464 | D:2      | Reached skill level 1 in Armour
  1464 | D:2      | Reached skill level 1 in Shields
  1464 | D:2      | Reached skill level 1 in Unarmed Combat
  1464 | D:2      | Reached skill level 1 in Evocations
  1642 | D:2      | Reached XP level 4. HP: 32/32 MP: 4/11
  1769 | D:2      | Learned a level 4 spell: Flame Wave
  2436 | D:3      | Found an iron altar of Okawaru.
  2829 | D:3      | Noticed Jessica
  2832 | D:3      | Killed Jessica
  2833 | D:3      | Reached skill level 1 in Hexes
  2833 | D:3      | Reached skill level 1 in Summonings
  2833 | D:3      | Reached skill level 1 in Necromancy
  2833 | D:3      | Reached skill level 1 in Translocations
  2833 | D:3      | Reached skill level 1 in Transmutations
  2833 | D:3      | Reached skill level 1 in Ice Magic
  2833 | D:3      | Reached skill level 1 in Air Magic
  2833 | D:3      | Reached skill level 1 in Earth Magic
  2833 | D:3      | Reached skill level 1 in Poison Magic
  3095 | D:3      | Found a runed translucent door.
  3096 | D:3      | Noticed Crazy Yiuf
  3191 | D:3      | Reached XP level 5. HP: 37/37 MP: 8/12
  3312 | D:3      | Noticed Ijyb
  3315 | D:3      | Killed Ijyb
  3424 | D:3      | Learned a level 2 spell: Poisonous Vapours
  3432 | D:3      | Found an ancient bone altar of Kikubaaqudgha.
  3439 | D:3      | Found a radiant altar of Vehumet.
  3450 | D:3      | HP: 1/37 [something (2)]
  3450 | D:3      | Slain by an orc wizard

Illustrated notes

Levels and vault maps discovered:
D:1:      psy_arrival_dodecagon, layout_loops_ring, serial_aquarium,
          aquarium_bridge_straight [aquarium_subvault_bridge,
          aquarium_subvault_window, aquarium_subvault_bridge,
          aquarium_subvault_wall], aquarium_bridge_long_joined
          [aquarium_subvault_wall, aquarium_subvault_balcony,
          aquarium_subvault_wall, aquarium_subvault_wall,
          aquarium_subvault_balcony, aquarium_subvault_bridge],
          aquarium_window_corner, aquarium_window_fake,
          aquarium_window_corridor_2, aquarium_view_2d, basic_ecumenical_altar
D:2:      layout_basic, hex_intersection
D:3:      wad_pebble_path, layout_loops_ring, palyth_temple_overflow_mages,
          okawaru_metal_pillars_1_2, minmay_door_square, glass_columns_a,
          uniq_crazy_yiuf_cottage, uniq_jessica, uniq_ijyb

Skill      XL: |  1  2  3  4 |
---------------+-------------+-----
Conjurations   | 2 |  2.4
Spellcasting   | 5 |  5.2
Invocations    | 1 |  1.8
Fighting       | 1 |  1.6
Short Blades   | 1 |  1.6
Long Blades    | 1 |  1.6
Axes           | 1 |  1.6
Maces & Flails | 1 |  1.6
Polearms       | 1 |  1.6
Staves         | 1 |  1.6
Slings         | 1 |  1.6
Bows           | 1 |  1.6
Crossbows      | 1 |  1.6
Throwing       | 1 |  1.6
Armour         | 1 |  1.6
Shields        | 1 |  1.6
Unarmed Combat | 1 |  1.6
Evocations     | 1 |  1.6
Hexes          | 1 |  1.2
Summonings     | 1 |  1.2
Necromancy     | 1 |  1.2
Translocations | 1 |  1.2
Transmutations | 1 |  1.2
Ice Magic      | 1 |  1.2
Air Magic      | 1 |  1.2
Earth Magic    | 1 |  1.2
Poison Magic   | 1 |  1.2
Dodging        | |  4.8
Stealth        | |  4.4
Fire Magic     | |  5.5

Action                   |  1- 3 |  4- 6 || total
-------------------------+-------+-------++-------
Melee: Unarmed           |    10 |       ||    10
       Bite              |     2 |     8 ||    10
       Dagger            |    13 |    39 ||    52
       Whip              |       |    11 ||    11
 Cast: Foxfire           |    38 |    28 ||    66
       Scorch            |     7 |    19 ||    26
  Use: Scroll            |     4 |     2 ||     6
       Potion            |       |     4 ||     4
Armor: Ring mail         |     8 |       ||     8
       Leather armour    |       |    13 ||    13
Dodge: Dodged            |    12 |    44 ||    56
